 Dungeon Crawl Stone Soup version 0.29.0-4-gdea44cf6ec (webtiles) character file.

Game seed: 2297856944935541182

50 PieDemon the Conjurer (level 4, -2/35 HPs)
             Began as a Meteoran Conjurer on Aug 27, 2022.
             Slain by an orc priest
             ... wielding a +0 whip
              (3 damage)
             ... on level 6 of the Dungeon.
             The game lasted 00:06:32 (404 turns).

PieDemon the Conjurer (Meteoran Conjurer)            Turns: 404, Time: 00:06:33

Health: -2/35      AC:  2    Str:  9    XL:     4   Next: 24%
Magic:  0/9        EV: 12    Int: 21    God:
Gold:   52         SH:  0    Dex: 12    Spells: 2/9 levels left

rFire   . . .      SeeInvis .   f - +0 dagger (holy)
rCold   . . .      Faith    .   (no shield)
rNeg    . . .      Spirit   .   a - +0 robe
rPois   .          Reflect  .   (no helmet)
rElec   .          Harm     .   (no cloak)
rCorr   .          Rampage  .   (no gloves)
Will    .....                   (no boots)
Stlth   +.........              (no amulet)
HPRegen 0.11/turn               (no ring)
MPRegen 0.11/turn               (no ring)

@: very slightly contaminated, glowing
A: sense surroundings 1, otherworldly, glowing, explore regen
a: no special abilities


You were on level 6 of the Dungeon.
You visited 1 branch of the dungeon, and saw 6 of its levels.

You collected 52 gold pieces.

Inventory:

Hand Weapons
 c - a +0 dagger
 f - a +0 dagger of holy wrath (weapon)
Armour
 a - a +0 robe (worn)
Scrolls
 e - a scroll of silence {unknown}
 g - a scroll of identify {unknown}
Potions
 b - a potion of magic
 d - a potion of curing {unknown}


   Skills:
 + Level 1.3 Fighting
 - Level 3.0 Dodging
 - Level 1.4 Stealth
 + Level 3.2 Spellcasting
 * Level 5.5 Conjurations
 + Level 0.2 Hexes


You had 2 spell levels left.
You knew the following spells:

 Your Spells              Type           Power      Damage    Failure   Level
a - Magic Dart            Conj           100%       1d8       1%          1
b - Searing Ray           Conj           52%        2d6       1%          2
c - Fulminant Prism       Conj/Hex       7%         3d7       36%         4

Your spell library contained the following spells:

 Spells                   Type           Power      Damage    Failure   Level
 Dazzling Flash           Conj/Hex       30%        N/A       12%         3
 Iskenderun's Mystic Bla  Conj/Tloc      15%        2d5       38%         4


Dungeon Overview and Level Annotations

Branches:
Dungeon (6/15) Zot: 3196
 Temple: D:4-7

Altars:
Elyvilon
Sif Muna


Innate Abilities, Weirdness & Mutations

You passively map a small area around you.
You are easily found by Zot.
You glow in the dark.
You regain HP and MP as you explore.


Message History

You hear a shout!
Unknown command.
Casting: Searing Ray (safe; 1% risk of failure)
Confirm with . or Enter, or press ? or * to list all spells.
You don't have enough magic to cast this spell.
The orc priest hits you with a +0 whip.
Unknown command.
Casting: Searing Ray (safe; 1% risk of failure)
Confirm with . or Enter, or press ? or * to list all spells.
Aiming: Magic Dart (safe; 1% risk of failure)
Press: ? - help, Shift-Dir - straight line, f - orc priest
Aim: an orc priest, wielding a +0 whip and wearing a +0 leather armour (severely wounded, 100% to hit)
The magic dart hits the orc priest.
The orc priest is almost dead.
The orc priest invokes the aid of Beogh against you.
Pain shoots through your body!
* * * LOW HITPOINT WARNING * * *
Unknown command.
You aren't carrying any items that you can evoke.
You hit the orc priest but do no damage.
The orc priest is almost dead.
The orc priest hits you with a +0 whip.
* * * LOW HITPOINT WARNING * * *
Unknown command.
You barely miss the orc priest.
The orc priest is almost dead.
The orc priest hits you with a +0 whip.
* * * LOW HITPOINT WARNING * * *
Unknown command.
You hit the orc priest but do no damage.
The orc priest is almost dead.
The orc priest hits you with a +0 whip.
* * * LOW HITPOINT WARNING * * *
Unknown command.
Okay, then.
You hit the orc priest but do no damage.
You punch the orc priest, but do no damage.
The orc priest is almost dead.
The orc priest hits you with a +0 whip.
You die...

#### ,....
###..## *
####<....## ,
##### #.........#
*
......#$##.#...##
#..)).o@...##..#
*
#.###.#$####*..#
#.#.# ,.# ,, * #
#.# * * # , , #..
, , ** ### * * ,
, * , ,, ,,


You could see an orc priest.

Vanquished Creatures
  3 adders
  4 orcs
  2 endoplasms (D:2)
  A goblin (D:2)
  A jackal (D:4)
  A quokka (D:2)
  2 ball pythons
  5 kobolds
  2 rats
21 creatures vanquished.

Notes
Turn   | Place    | Note
-------+----------+-------------------------------------------
     0 | D:1      | PieDemon the Meteoran Conjurer began the quest for the Orb.
     0 | D:1      | Reached XP level 1. HP: 14/14 MP: 5/5
    45 | D:2      | Reached skill level 5 in Conjurations
    45 | D:2      | Reached XP level 2. HP: 22/22 MP: 4/6
    52 | D:2      | Learned a level 2 spell: Searing Ray
    75 | D:1      | Found a faded altar of an unknown god.
   139 | D:3      | Reached XP level 3. HP: 27/27 MP: 3/8
   145 | D:3      | Reached skill level 1 in Fighting
   207 | D:3      | Reached XP level 4. HP: 32/35 MP: 6/9
   212 | D:3      | Learned a level 4 spell: Fulminant Prism
   284 | D:4      | Found a white marble altar of Elyvilon.
   338 | D:4      | Found a shimmering blue altar of Sif Muna.
   384 | D:5      | Entered Level 5 of the Dungeon
   403 | D:6      | HP: 1/35 [orc priest/+0 whip (2)]
   404 | D:6      | Slain by an orc priest

Illustrated notes

Levels and vault maps discovered:
D:1:      wander_arrival_lonely_grave, layout_rooms,
          ebering_ecumenical_altar_webs, hangedman_decor_points,
          chequers_serial_rivers_large_a, hangedman_decor_lopped, fountainhead,
          hex_intersection, palyth_stone_intersect, minmay_misc_feat_tower
D:2:      minmay_razor_zed, layout_loops_corners, serial_shops,
          nicolae_shop_stone
D:3:      layout_rooms, amethyst_killhole, minmay_misc_feat_square
D:4:      layout_basic, nicolae_elyvilon_temple_path,
          nicolae_overflow_crystal_walls, ebering_ghost_sewer_d
D:5:      layout_cave_pools, serial_glass, glass_columns_a, glass_columns_a,
          glass_columns_c, glass_columns_a, nicolae_shop_i_like_big_books,
          uniq_menkaure, uniq_ijyb
D:6:      layout_loops_corners, nicolae_ru_great_annihilating_truth,
          minmay_misc_feat_tiny, nicolae_shop_gadgets

Skill      XL: |  1  2  3 |
---------------+----------+-----
Conjurations   | 5 |  5.5
Spellcasting   | 3 |  3.2
Fighting       | 1 |  1.3
Dodging        | 3 |  3.0
Stealth        | |  1.4
Hexes          | |  0.2

Action                   |  1- 3 |  4- 6 || total
-------------------------+-------+-------++-------
Melee: Dagger            |       |     4 ||     4
       Punch             |       |     1 ||     1
 Cast: Magic Dart        |    30 |     9 ||    39
       Searing Ray       |       |     1 ||     1
Dodge: Dodged            |       |     2 ||     2
